 Dungeon Crawl Stone Soup version 0.29-a0-338-g1ff7896281 (webtiles) character file.

Game seed: 1914425139231568764

4 zeratav the Sneak (level 1, -6/9 HPs)
             Began as a Vine Stalker Enchanter on Apr 17, 2022.
             Mangled by a gnoll
             ... wielding a +0 spear
              (7 damage)
             ... on level 1 of the Dungeon.
             The game lasted 00:00:47 (346 turns).

zeratav the Sneak (Vine Stalker Enchanter)           Turns: 346, Time: 00:00:48

Health: -6/9       AC:  2    Str: 10    XL:     1   Next: 60%
Magic:  0/4        EV: 12    Int: 15    God:
Gold:   18         SH:  5    Dex: 14    Spells: 4/4 levels left

rFire   . . .      SeeInvis .   a - +1 dagger {short}
rCold   . . .      Faith    .   (no shield)
rNeg    . . .      Spirit   +   b - +0 robe
rPois   .          Reflect  +   (no helmet)
rElec   .          Harm     .   (no cloak)
rCorr   .          Rampage  .   (no gloves)
Will    .....                   (no boots)
Stlth   ++........              h - amulet of reflection
HPRegen 0.03/turn               (no ring)
MPRegen 0.09/turn               (no ring)

@: no status effects
A: fangs 2, magic shield, antimagic bite, no potion heal 2
a: no special abilities


You were on level 1 of the Dungeon.
You visited 1 branch of the dungeon, and saw 1 of its levels.

You collected 18 gold pieces.


Innate Abilities, Weirdness & Mutations

You have extremely sharp teeth.
When hurt, damage is shared between your health and your magic reserves.
Your bite disrupts and absorbs the magic of your enemies.
Potions cannot restore your health.


   Skills:
 * Level 1.1 Short Blades
 - Level 1.5 Dodging
 + Level 3.7 Stealth
 - Level 2.1 Spellcasting
 + Level 3.0 Hexes


You had 4 spell levels left.
You didn't know any spells.
Your spell library contained the following spells:

 Spells                   Type           Power      Damage    Failure   Level
 Ensorcelled Hibernation  Hex/Ice        12%        N/A       19%         2
 Confusing Touch          Hex            10%        N/A       19%         3
 Tukima's Dance           Hex            10%        N/A       19%         3
 Dazzling Flash           Conj/Hex       12%        N/A       34%         3
 Inner Flame              Hex/Fire       6%         N/A       34%         3
 Cause Fear               Hex            5%         N/A       52%         4
 Gell's Gravitas          Tloc           1%         N/A       54%         3
 Lesser Beckoning         Tloc           1%         N/A       54%         3
 Teleport Other           Tloc           1%         N/A       54%         3
 Discord                  Hex            5%         N/A       100%        8

Inventory:

Hand Weapons
 a - a +1 dagger (weapon) {short}
Armour
 b - a +0 robe (worn)
 j - a +0 robe
   (You found it on level 1 of the Dungeon)
Jewellery
 h - an amulet of reflection (around neck)
   (You found it on level 1 of the Dungeon)
Scrolls
 e - 2 scrolls of identify {unknown}
 f - a scroll of amnesia {unknown}
Potions
 c - 2 potions of invisibility
 d - 2 potions of brilliance {unknown}
 g - a potion of attraction {unknown}
 i - a potion of cancellation {unknown}

Dungeon Overview and Level Annotations

Branches:
Dungeon (1/15)

Altars:

##.#.g##### ####
.##.##>....#
###..#..##.######.#
#...<...##.# #.#
.......###.# #.# ..#..###
#.# #.# . ..###### #.#
#)# ...
.......###.######g#.....
#.(.....##......@........
######..##........#######
######..##........#
#.......##........#
.......###.########
..###### #.# ..# #.# รท.#
#.# .#########.#


You could see a gnoll.


Message History

You are too injured to fight recklessly!
You hit the endoplasm. You bite the endoplasm.
You kill the endoplasm!
The frilled lizard bites you.
Your Short Blades skill increases to level 1!
HP[-1] MP[-1]
You take 1 damage, and now have 5/9 hp.
You lost 1 mp, and now have 1/4 mp.
You hit the frilled lizard.
You kill the frilled lizard!
You see here a frilled lizard corpse.
You start resting.
HP[+1] MP[+3]
Your mp is fully restored (4).
You start resting.
HP[+3]
Your hp is fully restored (9).
Okay, then.
f - a scroll labelled GYKHAD WISYI
g - a yellow potion You now have 10 gold pieces.
You pick up a book of Displacement and begin reading...
You add the spells Lesser Beckoning, Gell's Gravitas and Teleport Other to your library.
You see here a +0 spear {polearm}.
You are caught in the web!
h - an amulet of reflection
There is a web here.
You disentangle yourself.
You start putting on your amulet.
You continue putting on your amulet of reflection. x5
You finish putting on your amulet of reflection.
You feel a shielding aura gather around you.
h - an amulet of reflection (around neck)
You pick up a book of Hexes and begin reading...
You add the spells Inner Flame, Cause Fear and Discord to your library.
i - a sedimented coppery potion
e - 2 scrolls labelled ERUDUJ ZUPN (gained 1)
A ball python and a goblin come into view.
Nothing quivered!
The ball python hisses angrily.
The ball python barely misses you. The ball python closely misses you.
You closely miss the ball python. Your bite misses the ball python.
You block the ball python's attack. The ball python barely misses you.
The ball python closely misses you. The ball python grabs you.
The ball python constricts you.
You hit the ball python.
You kill the ball python!
You hit the goblin. Your bite misses the goblin. You block the goblin's attack.
You hit the goblin.
You kill the goblin!
No target in view!
No target in view!
No target in view!
No target in view!
No target in view!
Found a stone staircase leading down.
There is a stone staircase leading down here.
j - a +0 robe A bat comes into view.
The helpless bat fails to defend itself.
You puncture the bat!
You kill the bat!
No target in view!
No target in view!
No target in view!
No target in view!
No target in view!
No target in view!
No target in view!
No target in view!
No target in view!
A gnoll comes into view. It is wielding a +0 spear.
The gnoll shouts!
You see here 8 gold pieces.
You now have 18 gold pieces (gained 8).
You see here a +0 club {mace}.
You block the gnoll's attack.
You closely miss the gnoll. You bite the gnoll. You drain its power.
The gnoll hits you with a +0 spear.
HP[-2] MP[-1]
You take 2 damage, and now have 7/9 hp.
MASSIVE DAMAGE!! (PAUSE)
You lost 1 mp, and now have 3/4 mp.
You hit the gnoll but do no damage. You block the gnoll's attack.
You hit the gnoll. The gnoll hits you with a +0 spear.
* * * LOW HITPOINT WARNING * * *
HP[-4] MP[-1]
You take 4 damage, and now have 3/9 hp.
MASSIVE DAMAGE!! (PAUSE)
You lost 1 mp, and now have 2/4 mp.
You hit the gnoll. The gnoll hits you with a +0 spear.
* * * LOW HITPOINT WARNING * * *
HP[-2] MP[-1]
You take 2 damage, and now have 1/9 hp.
MASSIVE DAMAGE!! (PAUSE)
You lost 1 mp, and now have 1/4 mp.
You barely miss the gnoll. The gnoll closely misses you.
You closely miss the gnoll. Your bite misses the gnoll.
The gnoll hits you with a +0 spear!
Ouch! That really hurt!
You die...

Skill      XL: |  1 |
---------------+----+-----
Short Blades   | 1 |  1.1
Dodging        | |  1.5
Stealth        | |  3.7
Spellcasting   | |  2.1
Hexes          | |  3.0

Action                   || total
-------------------------++-------
Melee: Dagger            ||    14
       Bite              ||     2
 Stab: Sleeping          ||     1
Dodge: Dodged            ||     7
Block: Other             ||     4

Levels and vault maps discovered:
D:1:      minmay_arrival_wavy_path, layout_basic, corner_web_ring

Notes
Turn   | Place    | Note
-------+----------+-------------------------------------------
     0 | D:1      | zeratav the Vine Stalker Enchanter began the quest for the
                  | Orb.
     0 | D:1      | Reached XP level 1. HP: 9/9 MP: 4/4
     0 | D:1      | magus.rc [v1.9.6]
    27 | D:1      | Reached skill level 1 in Short Blades
   193 | D:1      | You pick up a book of Displacement and begin reading...
   193 | D:1      | You add the spells Lesser Beckoning, Gell's Gravitas and
                  | Teleport Other to your library.
   229 | D:1      | You pick up a book of Hexes and begin reading...
   229 | D:1      | You add the spells Inner Flame, Cause Fear and Discord to
                  | your library.
   344 | D:1      | HP: 1/9 [gnoll/+0 spear (2)]
   346 | D:1      | Mangled by a gnoll

Vanquished Creatures
  An endoplasm (D:1)
  A ball python (D:1)
  A bat (D:1)
  A frilled lizard (D:1)
  A goblin (D:1)
5 creatures vanquished.

Table legend:
 A = Non-vault XP
 B = Vault XP
 C = Vault XP percentage of total XP
 D = Non-vault monster count
 E = Vault monster count
 F = Vault count percentage of total count
                 A         B        C        D         E       F
            +---------+---------+-------+---------+---------+-------
      Total |       6 |       0 |   0.0 |       5 |       0 |   0.0
            +---------+---------+-------+---------+---------+-------
        D:1 |       6 |       0 |   0.0 |       5 |       0 |   0.0
            +---------+---------+-------+---------+---------+-------

Illustrated notes

Table legend:
 A = Kills in this place as a percentage of kills in entire the game.
 B = Kills by you in this place as a percentage of kills by you in the entire game.
 C = Kills by friends in this place as a percentage of kills by friends in the entire game.
 D = Other kills in this place as a percentage of other kills in the entire game.
 E = Experience gained in this place as a percentage of experience gained in the entire game.
 F = Experience gained in this place divided by the number of levels of this place that you have seen.
                   A       B       C       D       E      F
               +-------+-------+-------+-------+-------+----------------------
         Total | 100.0 | 100.0 |   N/A |   N/A | 100.0 |   6.0
       Dungeon | 100.0 | 100.0 |   N/A |   N/A | 100.0 |   6.0
               +-------+-------+-------+-------+-------+----------------------

Table legend: (Time is in decaauts)
 A = Elapsed time spent in this place.
 B = Non-inter-level travel time spent in this place.
 C = Inter-level travel time spent in this place.
 D = Time resting spent in this place.
 E = Time spent auto-exploring this place.
 F = Levels seen in this place.
 G = Mean time per level.
                   A        B        C        D        E       F      G
               +--------+--------+--------+--------+--------+-----+--------+
         Total |    345 |    345 |      0 |    105 |    170 |   1 |  345.0 |
       Dungeon |    345 |    345 |      0 |    105 |    170 |   1 |  345.0 |
               +--------+--------+--------+--------+--------+-----+--------+

Top non-repeatable levels by time:
     D:1: 345 daAuts
